 Dungeon Crawl Stone Soup version 0.23.0 (webtiles) character file.

Game seed: 8241419933445704455

1537193 Flugkiller the Slayer (level 25, 235/235 HPs)
             Began as a Demigod Fire Elementalist on Feb 15, 2019.
             Escaped with the Orb
             ... and 3 runes!
             The game lasted 02:42:09 (86990 turns).

Flugkiller the Slayer (Demigod Fire Elementalist)  Turns: 86990, Time: 02:42:10

Health: 235/235    AC: 20    Str: 14    XL:     25   Next: 94%
Magic:  67/67      EV: 22    Int: 41    God:
Gold:   4479       SH: 14    Dex: 16    Spells: 12/54 levels left

rFire    + . .     SeeInvis .   J - staff of power
rCold    + . .     Gourm    .   R - +1 shield {rF+}
rNeg     + + +     Faith    .   y - +2 robe {Archmagi}
rPois    .         Spirit   .   x - +0 Maxwell's etheric cage {RegenMP+ *Contam rElec MP+4}
rElec    +         Reflect  .   i - +2 cloak {+Inv}
rCorr    .         Harm     .   E - +2 pair of gloves {Str+3}
MR       ++++.                  e - +1 pair of boots
Stlth    +.........             j - amulet "Esama" {rC+ rN++ Regen+}
HPRegen  0.89/turn              a - +4 ring of protection MPRegen 0.90/turn*
                                v - ring "Umaamena" {rN+ MR++ Int+6}

@: very slightly contaminated
A: blurry vision 1, high mp 1, sense surroundings 1, screaming 1, evolution 1
0: Orb of Zot
}: 3/15 runes: decaying, slimy, gossamer
a: Evoke Invisibility


You escaped.
You were not hungry.

You visited 10 branches of the dungeon, and saw 53 of its levels.
You also visited: Trove, Bailey and Gauntlet.

You collected 7390 gold pieces.
You spent 2911 gold pieces at shops.

Inventory:

Hand Weapons
 D - a +4 scimitar of flaming
   (You took it off Erica on level 8 of the Dungeon)
Missiles
 B - 2 throwing nets (quivered)
Armour
 e - a +1 pair of boots (worn)
   (You found it on level 6 of the Dungeon)
 i - a +2 cloak of invisibility (worn)
   (You took it off a draconian shifter on level 4 of the Realm of Zot)
 r - +8 fire dragon scales
   (You found it on level 3 of the Depths)
 u - a +1 cloak of invisibility
   (You took it off a draconian annihilator on level 5 of the Realm of Zot)
 x - the +0 Maxwell's etheric cage (worn) {RegenMP+ *Contam rElec MP+4}
   (You found it on level 2 of the Elven Halls)

   It insulates you from electricity.
   It affects your magic capacity (+4).
   It causes magical contamination when unequipped.
 y - a +2 robe of the Archmagi (worn)
   (You took it off an orc wizard on level 5 of the Dungeon)
 E - a +2 pair of gloves of strength (worn)
   (You found it on level 4 of the Vaults)
 R - a +1 shield of fire resistance (worn)
   (You found it on level 6 of the Lair of Beasts)
Magical Staves
 J - an uncursed staff of power (weapon)
   (You found it on level 11 of the Dungeon)
Jewellery
 a - a +4 ring of protection (left hand)
   (You found it on level 5 of the Dungeon)
 j - the amulet "Esama" (around neck) {rC+ rN++ Regen+}
   (You found it in a treasure trove)

   [amulet of regeneration]

   It protects you from cold.
   It greatly protects you from negative energy.
   It increases your rate of regeneration.
 v - the ring "Umaamena" (right hand) {rN+ MR++ Int+6}
   (You took it off an orc high priest on level 3 of the Elven Halls)

   [ring of intelligence]

   It affects your intelligence (+6).
   It protects you from negative energy.
   It affects your resistance to hostile enchantments.
 U - the amulet "Qemequakk" {Gourm Str+2 SInv}
   (You took it off a deep elf death mage on level 3 of the Elven Halls)

   [amulet of the gourmand]

   It allows you to eat raw meat even when not hungry.
   It affects your strength (+2).
   It lets you see invisible.
Wands
 m - a wand of digging (8)
   (You found it on level 4 of the Spider Nest)
 q - a wand of enslavement (9)
   (You found it on level 6 of the Dungeon)
 A - a wand of acid (26)
   (You found it on level 1 of the Lair of Beasts)
 F - a wand of disintegration (9)
   (You found it on level 4 of the Depths)
 K - a wand of clouds (18)
   (You took it off Maurice on level 10 of the Dungeon)
 L - a wand of flame (41)
   (You found it on level 2 of the Lair of Beasts)
 S - a wand of paralysis (61)
   (You found it on level 6 of the Lair of Beasts)
 X - a wand of iceblast (19)
   (You found it on level 2 of the Spider Nest)
 Z - a wand of polymorph (13)
   (You found it on level 3 of the Vaults)
Scrolls
 g - 4 scrolls of fear
 o - 20 scrolls of teleportation
 t - 10 scrolls of fog
 G - 4 scrolls of identify
 H - a scroll of enchant armour
 M - 19 scrolls of remove curse
 O - 3 scrolls of summoning
 T - 8 scrolls of immolation
 V - a scroll of holy word
 W - 3 scrolls of blinking
 Y - 2 scrolls of magic mapping
Potions
 b - 4 potions of brilliance
 d - 4 potions of berserk rage
 h - 2 potions of resistance
 k - 5 potions of heal wounds
 l - 4 potions of agility
 n - 11 potions of might
 p - 11 potions of curing
 s - 7 potions of mutation
 w - 5 potions of cancellation
 z - 6 potions of haste
 C - 8 potions of ambrosia
 I - 6 potions of invisibility
 N - 7 potions of lignification
Miscellaneous
 f - a lightning rod (4/4)
   (You found it on level 6 of the Lair of Beasts)
 P - 4 phantom mirrors
Comestibles
 c - 49 rations


   Skills:
 + Level 21.2 Fighting
 - Level 13.0 Armour
 - Level 13.0 Dodging
 - Level 1.7 Stealth
 - Level 15.0 Shields
 - Level 15.0 Spellcasting
 - Level 15.0 Conjurations
 - Level 2.3 Translocations
 - Level 19.0 Fire Magic
 - Level 15.0 Earth Magic
 - Level 10.0 Evocations


You had 12 spell levels left.
You knew the following spells:

 Your Spells              Type           Power        Failure   Level  Hunger
a - Flame Tongue          Conj/Fire      #####        0%          1    None
b - Passwall              Tmut/Erth      #######.     1%          2    None
c - Conjure Flame         Conj/Fire      ########     0%          3    None
d - Sticky Flame          Conj/Fire      ########     0%          4    None
e - Fireball              Conj/Fire      ########..   1%          5    None
f - Bolt of Magma         Conj/Fire/Erth ########..   1%          5    None
g - Iron Shot             Conj/Erth      ########..   1%          6    None
h - Irradiate             Conj/Tmut      #######...   1%          5    None
i - Ignition              Fire           ########..   2%          8    #####..
q - Apportation           Tloc           ######       1%          1    None
r - Blink                 Tloc           N/A          1%          2    None

Your spell library contained the following spells:

 Spells                   Type           Power        Failure   Level  Hunger
 Magic Dart               Conj           ####         0%          1    None
 Sandblast                Erth           ######       0%          1    None
 Searing Ray              Conj           ######       0%          2    None
 Throw Flame              Conj/Fire      ######       0%          2    None
 Stone Arrow              Conj/Erth      ######       0%          3    None
 Animate Skeleton         Necr           N/A          1%          1    None
 Beastly Appendage        Tmut           #####.       1%          1    None
 Confusing Touch          Hex            #####.       1%          1    None
 Freeze                   Ice            ####         1%          1    None
 Shock                    Conj/Air       ####         1%          1    None
 Sting                    Conj/Pois      ####         1%          1    None
 Summon Butterflies       Summ           #####...     1%          1    None
 Summon Small Mammal      Summ           ####         1%          1    None
 Call Imp                 Summ           #####...     1%          2    None
 Poisonous Vapours        Pois/Air       #####.       1%          2    None
 Shroud of Golubria       Chrm/Tloc      ######....   1%          2    None
 Slow                     Hex            #####...     1%          2    None
 Swiftness                Chrm/Air       #####...     1%          2    None
 Throw Frost              Conj/Ice       ######       1%          2    None
 Dazzling Spray           Conj/Hex       ######       1%          3    None
 Gell's Gravitas          Tloc           ######....   1%          3    None
 Ignite Poison            Fire/Tmut/Pois #######.     1%          3    None
 Inner Flame              Hex/Fire       ########     1%          3    None
 Lesser Beckoning         Tloc           ######....   1%          3    None
 Mephitic Cloud           Conj/Pois/Air  #######.     1%          3    None
 Portal Projectile        Hex/Tloc       ######       1%          3    None
 Static Discharge         Conj/Air       #######.     1%          3    None
 Teleport Other           Tloc           ######..     1%          3    None
 Force Lance              Conj/Tloc      ########     1%          4    None
 Fulminant Prism          Conj/Hex       #######...   1%          4    None
 Iskenderun's Mystic Bla  Conj           ########     1%          4    None
 Leda's Liquefaction      Hex/Erth       #######...   1%          4    None
 Petrify                  Tmut/Erth      #######.     1%          4    None
 Throw Icicle             Conj/Ice       #######.     1%          4    None
 Lee's Rapid Deconstruct  Erth           ########..   1%          5    None
 Lightning Bolt           Conj/Air       #######...   1%          5    None
 Venom Bolt               Conj/Pois      #######...   1%          5    None
 Bolt of Fire             Conj/Fire      ########..   1%          6    None
 Call Canine Familiar     Summ           #####...     3%          3    None
 Confuse                  Hex            #####...     3%          3    None
 Ozocubu's Armour         Chrm/Ice       #####...     3%          3    None
 Summon Guardian Golem    Hex/Summ       #####...     3%          3    None
 Bolt of Cold             Conj/Ice       #######...   7%          6    None
 Conjure Ball Lightning   Conj/Air       #######...   7%          6    None
 Statue Form              Tmut/Erth      #######..    7%          6    None
 Airstrike                Air            #####.....   10%         4    None
 Ice Form                 Ice/Tmut       #####...     10%         4    None
 Olgreb's Toxic Radiance  Pois           #####...     10%         4    None
 Summon Ice Beast         Ice/Summ       #####...     10%         4    None
 Summon Lightning Spire   Summ/Air       #####...     10%         4    None
 Ring of Flames           Chrm/Fire      ########..   17%         7    ###....
 Freezing Cloud           Conj/Ice/Air   #######...   19%         6    None
 Metabolic Englaciation   Hex/Ice        #####.....   26%         5    None
 Summon Mana Viper        Hex/Summ       #####...     26%         5    None
 Yara's Violent Unravell  Hex/Tmut       #####.....   26%         5    None
 Spellforged Servitor     Conj/Summ      #######...   36%         7    ###....
 Dispersal                Tloc           ######....   50%         6    None
 Darkness                 Hex            #####.....   83%         6    None
 Hydra Form               Tmut           #####.....   83%         6    None
 Invisibility             Hex            #####...     83%         6    None
 Ozocubu's Refrigeration  Ice            #####.....   83%         6    None
 Simulacrum               Ice/Necr       #####.....   83%         6    None
 Shatter                  Erth           ########..   91%         9    ######.
 Dragon Form              Tmut           #####.....   100%        7    ###....
 Summon Hydra             Summ           #####.....   100%        7    ###....
 Controlled Blink         Tloc           N/A          100%        8    #####..
 Disjunction              Tloc           ######....   100%        8    #####..
 Tornado                  Air            #####.....   100%        9    ######.
 Passage of Golubria      Tloc           Unusable     N/A         4    N/A

Dungeon Overview and Level Annotations

Branches:
Dungeon (15/15)            Temple (0/1) D:7            Lair (6/6) D:11
  Swamp (4/4) Lair:2       Spider (4/4) Lair:2        Slime (5/5) Lair:5
    Orc (2/2) D:10            Elf (3/3) Orc:2        Vaults (4/5) D:13
  Crypt (0/3) Vaults:3     Depths (5/5) D:15            Zot (5/5) Depths:5

Shops:
D:9 [   D:15 *   Orc:2 *(:[   Vaults:3 [   Vaults:4 =   Depths:5 ?

Portals:
Hell: Depths:1 Depths:2 Depths:3 Depths:4 Depths:5
Abyss: Depths:1 Depths:4
Pandemonium: Depths:1 Depths:3 Depths:5
Ziggurat: Depths:3

Annotations:
D:7 3 runed translucent doors, harness's ghost, novice DEFE
Lair:1 3 runed translucent doors, Enish's ghost, journeyman MiBe
Lair:5 exclusion: oklob plant
Elf:1 3 runed translucent doors, Kyerol's ghost, adept TeSu
Elf:2 5 runed translucent doors
Depths:4 3 runed translucent doors, Cacw's ghost, adept MiBe; Qearphot's ghost, adept DDFi


Innate Abilities, Weirdness & Mutations

You have an increased reservoir of magic. (+10% MP)
Scrolls take you a little longer to read.
You passively map a small area around you.
You occasionally shout uncontrollably at your foes.
You evolve.


Message History

You climb upwards.
There is a stone staircase leading down here.
An ice devil comes into view.
There is a stone staircase leading up here.
You climb upwards.
There is a stone staircase leading down here.
(D) Dungeon (T) Temple (L) Lair (S) Swamp (N) Spider Nest (M) Slime Pits (O) Orcish Mines (E) Elven Halls (V) Vaults (C) Crypt (U) Depths (H) Hell (Z) Zot
Where to? (Enter - D:1 @ (x,y), ? - help)
An Orb Guardian comes into view.
Unknown command.
There is a stone staircase leading down here.
Casting: Iron Shot (safe; 1% risk of failure)
Confirm with . or Enter, or press ? or * to list all spells.
Aiming: Iron Shot (safe; 1% risk of failure)
Press: ? - help, Shift-Dir - straight line, f - Orb Guardian
Aim: an Orb Guardian You feel a surge of power!
The iron shot hits the Orb Guardian!!!
The Orb Guardian is heavily wounded.
Casting: Iron Shot (safe; 1% risk of failure)
Confirm with . or Enter, or press ? or * to list all spells.
Aiming: Iron Shot (safe; 1% risk of failure)
Press: ? - help, Shift-Dir - straight line, f/p - Orb Guardian
Aim: an Orb Guardian (heavily wounded)
You feel a surge of power!
The iron shot misses the Orb Guardian.
Casting: Iron Shot (safe; 1% risk of failure)
Confirm with . or Enter, or press ? or * to list all spells.
Aiming: Iron Shot (safe; 1% risk of failure)
Press: ? - help, Shift-Dir - straight line, f/p - Orb Guardian
Aim: an Orb Guardian (heavily wounded)
You feel a surge of power!
The iron shot hits the Orb Guardian!!!
You kill the Orb Guardian!
(D) Dungeon (T) Temple (L) Lair (S) Swamp (N) Spider Nest (M) Slime Pits (O) Orcish Mines (E) Elven Halls (V) Vaults (C) Crypt (U) Depths (H) Hell (Z) Zot
Where to? (Enter - D:1 @ (x,y), ? - help) Magic restored.
There is an open door here.
There is a stone staircase leading up here.
You climb upwards.
There is a stone staircase leading down here.
You see here a +0 club.
You see here a +0 dagger.
There is an escape hatch in the floor here.
There is a staircase leading out of the dungeon here.
Enter note: gg You have escaped!

...# #..............)......#
...#### #......##############.##
###...# ##+##..# #.# #..#
#...#####.##..# #.# ##.#
###...(.........# #.# #)#
..#.....รท..###.## #.# #.#
.......)...'...# #.# ### #.#
...........###.######.#####8###.#
...........# #.#@..........>....#
...######### #.######.#####8#####
...####### #......#.# ###
.........# ####.###.#.#
.........###....#...#.#
................#...#.#
................#...#.#
###.............###.###
#.............###...#


There were no monsters in sight!

Vanquished Creatures
  the Royal Jelly (Slime:5)
  Dissolution (Slime:3)
  3 ancient liches (Zot:5)
  5 orbs of fire
  2 juggernauts (Depths:4)
  13 Killer Klowns
  Saint Roka (Vaults:2)
  Boris (twice) (Depths:4 Depths:5)
  A curse toe (Zot:5)
  Jory (Depths:3)
  2 golden dragons
  the Enchantress (Depths:1)
  A hellephant (Depths:3)
  A lich (Vaults:3)
  A Tzitzimitl (Depths:5)
  2 electric golems (Zot:5)
  12 tentacled monstrosities
  26 Orb Guardians
  A Hell Sentinel (Zot:1)
  Asterion (Vaults:2)
  2 deep elf master archers (Elf:3)
  2 deep elf blademasters (Elf:3)
  7 quicksilver dragons
  5 death cobs
  24 acid blobs
  4 sphinxes
  Gastronok (Lair:2)
  3 tengu reavers
  4 shadow dragons
  13 azure jellies
  7 storm dragons
  3 thorn hunters
  9 draconian monks
  8 fire giants
  Roxanne (Spider:4)
  7 draconian knights
  7 deep elf sorcerers
  An orc warlord (Orc:2)
  12 vault wardens
  7 frost giants
  2 draconian shifters
  8 ghost moths
  5 emperor scorpions
  Louise (D:15)
  10 spriggan defenders
  A draconian stormcaller (Zot:4)
  A deep elf elementalist (Elf:3)
  12 ironheart preservers
  A war gargoyle (Vaults:4)
  48 very ugly things
  A caustic shrike skeleton (Depths:4)
  15 stone giants
  7 draconian annihilators
  A stone giant (shapeshifter) (Depths:2)
  2 vampire knights (Depths:5)
  An entropy weaver (Spider:2)
  7 deep elf demonologists (Elf:3)
  10 black draconians
  7 spark wasps
  8 purple draconians
  7 green draconians
  Azrael (D:15)
  5 red draconians
  11 dire elephants (Depths:3)
  18 white draconians
  6 yellow draconians
  10 deep elf annihilators
  7 deep elf death magi
  A blizzard demon (Depths:3)
  8 ettins
  Snorg (D:10)
  12 death oozes
  Josephine (D:11)
  11 fire dragons
  11 yaktaur captains
  2 deep elf high priests (Elf:3)
  13 great orbs of eyes
  A hell beast (Depths:5)
  A rakshasa (Depths:2)
  4 spriggan air magi
  Fannar (D:10)
  A juggernaut simulacrum (Depths:4)
  Erica (D:8)
  25 hydras
  3 vault guards
  14 ice dragons
  10 centaur warriors
  3 ghost crabs
  5 shambling mangroves
  42 two-headed ogres
  12 dancing weapons
  3 deep troll shamans
  12 alligators
  A death knight (Vaults:2)
  13 ogre magi
  A death yak (Lair:6)
  2 deep troll earth magi
  3 tengu warriors
  A titan zombie (Vaults:4)
  5 orc high priests
  A soul eater (Depths:5)
  8 spriggan berserkers
  A sun demon (D:7)
  7 hell knights
  14 deep elf knights
  14 skeletal warriors
  5 death drakes (Depths:5)
  3 unseen horrors
  3 flayed ghosts
  16 swamp dragons
  4 wizards
  5 spriggan druids (Depths:2)
  11 deep trolls
  A shadow dragon zombie (Depths:4)
  19 deep elf archers
  3 glowing orange brains
  11 ironbrand convokers
  4 lindwurms (Depths:5)
  An obsidian statue (Vaults:2)
  An orange crystal statue (Elf:2)
  6 necromancers
  A mana viper (shapeshifter) (Vaults:1)
  18 orc knights
  6 harpies
  19 orb spiders
  69 deep elf magi
  An orb spider (shapeshifter) (Vaults:2)
  37 wolf spiders
  A salamander (shapeshifter) (Depths:1)
  59 ugly things
  16 moths of wrath
  8 cyclopes
  4 manticores
  6 shining eyes
  A salamander (Depths:1)
  4 orc sorcerers
  90 slime creatures
  A frost giant zombie (Depths:2)
  A stone giant skeleton (Vaults:1)
  2 rust devils
  A guardian serpent (shapeshifter) (Vaults:4)
  9 vault sentinels
  A black mamba (shapeshifter) (D:15)
  7 elephants
  Maurice (D:10)
  Joseph (D:8)
  A storm dragon simulacrum (Vaults:3)
  7 black mambas
  3 centaur skeletons
  2 eyes of devastation (Slime:2)
  22 spiny frogs
  2 gargoyles (D:14)
  3 orange demons
  4 rime drakes
  A yaktaur (shapeshifter) (Depths:1)
  A torpor snail (Spider:2)
  12 komodo dragons
  An ice devil (Depths:3)
  59 yaktaurs
  2 hellions
  A tengu conjurer (Depths:2)
  2 kobold demonologists
  A hellwing (Depths:1)
  A tormentor (D:7)
  3 red devils (Depths:5)
  17 demonic crawlers
  3 human skeletons
  3 trolls
  A yaktaur skeleton (Vaults:3)
  3 freezing wraiths
  3 polar bears
  A queen bee (D:10)
  A queen bee (shapeshifter) (Vaults:2)
  34 hornets
  A meliai (shapeshifter) (Vaults:1)
  31 jumping spiders
  A sphinx simulacrum (Vaults:3)
  2 hornets (shapeshifter)
  17 blink frogs
  9 tyrant leeches
  A wind drake (Depths:5)
  A spriggan zombie (Depths:2)
  An ettin zombie (Vaults:4)
  A snapping turtle (shapeshifter) (Depths:2)
  A spriggan skeleton (Depths:2)
  8 hippogriffs
  2 air elementals
  13 bog bodies
  A human (shapeshifter) (Vaults:3)
  28 spriggans
  6 shadows
  51 redbacks
  3 wyverns
  6 water elementals
  2 yaks (shapeshifter)
  5 basilisks
  5 wraiths
  36 yaks
  A spriggan (shapeshifter) (Vaults:1)
  27 tarantellas
  2 ynoxinuls (Depths:3)
  2 fire elementals
  Grum (D:11)
  3 hungry ghosts
  A golden eye (shapeshifter) (Vaults:3)
  6 golden eyes
  A chaos spawn (D:5)
  7 vampire mosquitoes
  4 acid dragons
  14 swamp worms
  10 wargs
  7 insubstantial wisps
  7 porcupines
  4 floating eyes
  8 hell hounds
  15 water moccasins
  46 orc warriors
  23 swamp drakes
  5 eyes of draining
  5 sky beasts
  A black bear (D:11)
  6 ice beasts
  A hornet zombie (D:12)
  An eye of draining (shapeshifter) (Depths:2)
  2 phantoms
  18 centaurs
  36 ogres
  15 boggarts
  A wolf (shapeshifter) (D:15)
  12 wolves
  A tengu (shapeshifter) (Depths:4)
  6 crocodiles
  14 bullfrogs
  4 earth elementals
  4 gnoll sergeants
  4 human simulacra
  2 glowing shapeshifter simulacra
  4 scorpions
  A water moccasin skeleton (D:10)
  33 killer bees
  4 wights
  4 howler monkeys
  8 electric eels
  10 crimson imps
  5 centaur zombies
  14 hounds
  6 jellies
  A quasit (D:12)
  2 bullfrog skeletons (D:10)
  3 gnoll shamans (Bailey)
  21 orc priests
  An iron imp (Depths:5)
  Terence (D:2)
  An iguana (D:12)
  24 orc wizards
  Natasha (thrice) (D:2)
  8 worker ants
  A hound zombie (D:10)
  A hound skeleton (D:9)
  2 worker ant zombies
  Robin (D:4)
  A howler monkey zombie (D:8)
  16 gnolls
  9 adders
  4 shadow imps
  2 white imps (Vaults:2)
  An ufetubus (Vaults:2)
  2 oozes
  2 adder skeletons
  5 worms
  A dart slug (D:4)
  A leopard gecko (shapeshifter) (Vaults:4)
  6 leopard geckos
  80 orcs
  4 ball pythons (D:3)
  3 bats
  9 giant cockroaches
  10 goblins
  11 hobgoblins
  14 jackals
  8 kobolds
  5 quokkas
  6 frilled lizards
  8 rats
  8 fungi
  7 plants
2279 creatures vanquished.

Vanquished Creatures (collateral kills)
  A golden dragon (Zot:1)
  A tentacled monstrosity (Zot:1)
  A black draconian (Zot:1)
  A gnoll sergeant (Bailey)
  A gnoll shaman (Bailey)
5 creatures vanquished.

Vanquished Creatures (others)
  A draconian knight (Depths:5)
  A hydra (Swamp:4)
  An ugly thing (D:11)
  A spriggan (Swamp:1)
  A swamp worm (Swamp:1)
  57 fungi
  193 plants
  6 withered plants (Depths:4)
261 creatures vanquished.

Grand Total: 2545 creatures vanquished

Notes
Turn   | Place    | Note
-------+----------+-------------------------------------------
     0 | D:1      | Flugkiller the Demigod Fire Elementalist began the quest
                  | for the Orb.
     0 | D:1      | Reached XP level 1. HP: 14/14 MP: 5/5
    20 | D:1      | Reached skill level 1 in Conjurations
   202 | D:1      | Reached XP level 2. HP: 20/20 MP: 5/7
   989 | D:2      | Noticed Terence
  1001 | D:2      | Killed Terence
  1001 | D:2      | Reached XP level 3. HP: 26/26 MP: 2/9
  1063 | D:2      | Learned a level 3 spell: Conjure Flame
  1090 | D:2      | Noticed Natasha
  1092 | D:2      | Killed Natasha
  1092 | D:2      | Reached XP level 4. HP: 33/33 MP: 7/10
  1100 | D:2      | Noticed Natasha
  1116 | D:2      | Killed Natasha
  1418 | D:2      | Noticed Natasha
  1424 | D:2      | Killed Natasha
  1943 | D:3      | Reached XP level 5. HP: 27/38 MP: 6/12
  2316 | D:3      | HP: 1/38 [orc priest/divine providence (11)]
  3806 | D:4      | Noticed an ogre
  4064 | D:3      | Killed an ogre
  4064 | D:3      | Reached XP level 6. HP: 45/45 MP: 4/14
  4163 | D:4      | Found a basalt altar of Yredelemnul.
  4175 | D:4      | Identified the cursed +0 helmet of Maek {Dex+4}
  4175 | D:4      | Noticed Robin
  4187 | D:4      | Killed Robin
  5087 | D:5      | Entered Level 5 of the Dungeon
  5523 | D:5      | Reached skill level 5 in Fire Magic
  5523 | D:5      | Reached XP level 7. HP: 36/50 MP: 9/16
  5613 | D:5      | Learned a level 4 spell: Sticky Flame
  5701 | D:5      | Found a sparkling altar of Nemelex Xobeh.
  6251 | D:6      | Found a hide-covered altar of Uskayaw.
  7237 | D:7      | Found a staircase to the Ecumenical Temple.
  7296 | D:6      | Reached skill level 5 in Conjurations
  7407 | D:7      | Reached skill level 5 in Spellcasting
  7500 | D:7      | Reached XP level 8. HP: 57/57 MP: 15/19
  8261 | D:7      | Found a runed translucent gate.
  8262 | D:7      | Found a runed translucent gate.
  8262 | D:7      | Found a runed translucent gate.
  8263 | D:7      | Noticed harness's ghost (novice DEFE)
  8390 | D:8      | Found a flagged portal.
  8647 | Bailey   | Entered a bailey
  8781 | Bailey   | Learned a level 5 spell: Fireball
  8810 | Bailey   | Reached XP level 9. HP: 62/62 MP: 0/22
  9617 | D:8      | Noticed Erica
  9665 | D:8      | Noticed a two-headed ogre
  9686 | D:8      | Killed a two-headed ogre
  9832 | D:8      | Noticed Joseph
  9860 | D:8      | Killed Joseph
 10005 | D:8      | Killed Erica
 10005 | D:8      | Reached XP level 10. HP: 56/69 MP: 9/25
 10807 | D:9      | Got an ancient hand axe
 11003 | D:9      | Found Voihowu's Armour Boutique.
 11074 | D:10     | Entered Level 10 of the Dungeon
 11167 | D:10     | Got a pitted leather armour
 11177 | D:10     | Noticed Snorg
 11192 | D:10     | Killed Snorg
 11347 | D:10     | Noticed Maurice
 11375 | D:10     | Killed Maurice
 11439 | D:10     | Found a shadowy altar of Dithmenos.
 11484 | D:10     | Noticed Fannar
 11608 | D:10     | Killed Fannar
 12135 | D:9      | Reached skill level 10 in Fire Magic
 12337 | D:10     | Reached XP level 11. HP: 75/75 MP: 16/27
 12500 | D:10     | Reached skill level 1 in Fighting
 12753 | D:10     | Found a staircase to the Orcish Mines.
 12924 | D:11     | Got a jacinth-encrusted scale mail
 12986 | D:11     | Reached skill level 2 in Fighting
 13014 | D:11     | Noticed an unseen horror
 13017 | D:11     | Killed an unseen horror
 13017 | D:11     | Reached skill level 10 in Conjurations
 13278 | D:11     | Noticed a two-headed ogre
 13296 | D:11     | Killed a two-headed ogre
 13296 | D:11     | Reached skill level 3 in Fighting
 13416 | D:11     | Found a staircase to the Lair.
 13744 | D:11     | Reached skill level 4 in Fighting
 13781 | D:11     | Noticed a two-headed ogre
 13784 | D:11     | Killed a two-headed ogre
 13784 | D:11     | Reached skill level 5 in Dodging
 13786 | D:11     | Noticed Josephine
 13797 | D:11     | Killed Josephine
 13797 | D:11     | Reached skill level 5 in Fighting
 13962 | D:11     | Reached skill level 1 in Shields
 14194 | D:11     | Identified the +0 leather armour of the Blizzard {rCorr
                  | Dex+7 SInv} (You found it on level 10 of the Dungeon)
 14247 | D:11     | Identified the cursed +0 scale mail "Enietuneed" {+Inv rF-
                  | Dex+4} (You found it on level 11 of the Dungeon)
 14362 | D:11     | Noticed Grum
 14381 | D:11     | Killed Grum
 14518 | Lair:1   | Entered Level 1 of the Lair of Beasts
 14940 | Lair:1   | Found a runed translucent gate.
 14940 | Lair:1   | Found a runed translucent gate.
 14940 | Lair:1   | Found a runed translucent gate.
 14941 | Lair:1   | Noticed a ten-headed hydra
 14942 | Lair:1   | Noticed Enish's ghost (journeyman MiBe)
 14942 | Lair:1   | Noticed a 12-headed hydra
 15289 | Lair:1   | Reached skill level 6 in Fighting
 15289 | Lair:1   | Reached XP level 12. HP: 92/96 MP: 28/28
 15938 | Lair:2   | Noticed Gastronok
 15955 | Lair:2   | Killed Gastronok
 16349 | Lair:2   | Found a hole to the Spider Nest.
 16691 | Lair:2   | Found a staircase to the Swamp.
 16910 | Lair:3   | Noticed an eight-headed hydra
 16923 | Lair:3   | Killed an eight-headed hydra
 17520 | Lair:3   | Noticed an eight-headed hydra
 17523 | Lair:3   | Killed an eight-headed hydra
 17638 | Lair:3   | Noticed a six-headed hydra
 17643 | Lair:3   | Killed a six-headed hydra
 18569 | Lair:4   | Found a glowing golden altar of the Shining One.
 19154 | Lair:4   | Reached skill level 1 in Evocations
 19206 | Lair:4   | Reached XP level 13. HP: 61/102 MP: 30/30
 19789 | Lair:5   | Found a staircase to the Slime Pits.
 19918 | Lair:5   | Found a blossoming altar of Fedhas.
 20182 | Lair:4   | Reached skill level 7 in Fighting
 20747 | Lair:6   | Entered Level 6 of the Lair of Beasts
 21339 | Lair:6   | Reached skill level 5 in Evocations
 22325 | Lair:6   | Reached skill level 10 in Spellcasting
 23761 | D:12     | Found a gate leading to a gauntlet.
 23774 | D:12     | Found a shattered altar of Ashenzari.
 23800 | Gauntlet | Entered a Gauntlet
 23800 | Gauntlet | Found a large runed translucent door.
 23800 | Gauntlet | Found a large runed translucent door.
 23800 | Gauntlet | Found a large runed translucent door.
 23800 | Gauntlet | Found a large runed translucent door.
 23800 | Gauntlet | Found a large runed translucent door.
 23800 | Gauntlet | Found a large runed translucent door.
 23800 | Gauntlet | Found a large runed translucent door.
 23800 | Gauntlet | Found a large runed translucent door.
 23800 | Gauntlet | Found a runed translucent door.
 23800 | Gauntlet | Found a runed translucent gate.
 23800 | Gauntlet | Found a transporter.
 23800 | Gauntlet | Found a transporter.
 23800 | Gauntlet | Found a runed translucent gate.
 23800 | Gauntlet | Found a transporter.
 23800 | Gauntlet | Found a transporter.
 23804 | Gauntlet | Found a transporter.
 23804 | Gauntlet | Found a transporter.
 23814 | Gauntlet | Found a transporter.
 23818 | Gauntlet | Found a transporter.
 23828 | Gauntlet | Found a transporter.
 23902 | Gauntlet | Found a runed translucent door.
 23903 | Gauntlet | Found a large runed translucent door.
 23903 | Gauntlet | Found a large runed translucent door.
 23903 | Gauntlet | Found a large runed translucent door.
 23903 | Gauntlet | Found a large runed translucent door.
 23904 | Gauntlet | Found a large runed translucent door.
 23904 | Gauntlet | Found a large runed translucent door.
 23905 | Gauntlet | Found a large runed translucent door.
 23905 | Gauntlet | Found a large runed translucent door.
 23914 | Gauntlet | Found a runed translucent gate.
 23930 | Gauntlet | Found a transporter.
 23934 | Gauntlet | Found a transporter.
 23946 | Gauntlet | Found a transporter.
 24564 | D:13     | Found Rasain's Food Shoppe.
 24678 | D:13     | Found a portal to a secret trove of treasure.
 25445 | D:13     | Reached skill level 8 in Fighting
 25591 | D:13     | Found a gate to the Vaults.
 26326 | Orc:1    | Entered Level 1 of the Orcish Mines
 26432 | Orc:1    | Reached XP level 14. HP: 116/116 MP: 33/33
 26587 | Orc:2    | Entered Level 2 of the Orcish Mines
 26587 | Orc:2    | Found a staircase to the Elven Halls.
 26797 | Orc:1    | Reached skill level 9 in Fighting
 26935 | Orc:2    | Noticed an orc warlord
 27434 | Orc:2    | Killed an orc warlord
 27930 | Orc:2    | Found Cyusuec's Antique Armour Emporium.
 28588 | Orc:2    | Found Qaewnion's Book Shop.
 28682 | Orc:2    | Found Pimuir Xiwu's Antique Weapon Emporium.
 28699 | Orc:2    | Reached skill level 10 in Dodging
 29355 | Orc:2    | Found Qucoku's General Store.
 29614 | Orc:2    | Bought a +0 blowgun for 25 gold pieces
 29614 | Orc:2    | Bought 5 curare-tipped needles for 30 gold pieces
 29858 | Orc:2    | Bought a book of the Earth for 910 gold pieces
 29865 | Orc:2    | Learned a level 6 spell: Iron Shot
 30068 | Swamp:1  | Entered Level 1 of the Swamp
 30120 | Lair:2   | Reached skill level 1 in Earth Magic
 31234 | Swamp:1  | Got a pair of smoking boots
 31245 | Swamp:1  | Identified the cursed +0 pair of boots of Sorcery {MR+}
                  | (You found it on level 1 of the Swamp)
 32795 | Swamp:2  | You fall through a shaft!
 33975 | Swamp:3  | Noticed a thorn hunter
 33981 | Swamp:3  | Killed a thorn hunter
 34811 | Swamp:3  | Noticed a thorn hunter
 34897 | Swamp:3  | Reached skill level 5 in Earth Magic
 35097 | Swamp:2  | Reached XP level 15. HP: 72/124 MP: 16/35
 35452 | Swamp:3  | Killed a thorn hunter
 36417 | Swamp:4  | Entered Level 4 of the Swamp
 38674 | Swamp:4  | Noticed a thorn hunter
 38723 | Swamp:4  | Killed a thorn hunter
 39219 | Swamp:4  | Learned a level 5 spell: Bolt of Magma
 39677 | Swamp:4  | Got a decaying rune of Zot
 40796 | D:13     | Bought a ration for 60 gold pieces
 40796 | D:13     | Bought a ration for 60 gold pieces
 40796 | D:13     | Bought a ration for 60 gold pieces
 40796 | D:13     | Bought a ration for 60 gold pieces
 40796 | D:13     | Bought a ration for 60 gold pieces
 40796 | D:13     | Bought a ration for 60 gold pieces
 40796 | D:13     | Bought a ration for 60 gold pieces
 40796 | D:13     | Bought a ration for 60 gold pieces
 40796 | D:13     | Bought a ration for 60 gold pieces
 40796 | D:13     | Bought a ration for 60 gold pieces
 40796 | D:13     | Bought a ration for 60 gold pieces
 42003 | D:15     | Entered Level 15 of the Dungeon
 42024 | D:15     | Reached XP level 16. HP: 132/132 MP: 29/37
 42025 | D:15     | Noticed Louise
 42034 | D:15     | Killed Louise
 43136 | D:15     | Reached skill level 10 in Earth Magic
 43279 | D:15     | Noticed Azrael
 43503 | D:15     | Killed Azrael
 44174 | D:15     | Found Tiucer's Assorted Antiques.
 44676 | D:15     | Found a staircase to the Depths.
 44881 | Spider:1 | Entered Level 1 of the Spider Nest
 45233 | Spider:1 | Identified the +9 hand axe of Blood-Lust {chop, +Fly MR-
                  | Str-4 Int+3} (You found it on level 9 of the Dungeon)
 47482 | Elf:1    | Entered Level 1 of the Elven Halls
 48603 | Elf:1    | Reached XP level 17. HP: 135/137 MP: 27/41
 48792 | Elf:1    | Reached skill level 15 in Spellcasting
 49204 | Elf:1    | Identified the Reference Book on Battle Magic and the
                  | Entourage
 49743 | Elf:1    | Found a runed translucent gate.
 49743 | Elf:1    | Found a runed translucent gate.
 49743 | Elf:1    | Found a runed translucent gate.
 49744 | Elf:1    | Noticed Kyerol's ghost (adept TeSu)
 49746 | Elf:1    | Identified the amulet "Umaeduf" {Reflect MR+ SH+3 SInv}
 49933 | Elf:2    | Reached skill level 10 in Fighting
 50206 | Elf:2    | Found a huge runed translucent gate.
 50206 | Elf:2    | Found a huge runed translucent gate.
 50206 | Elf:2    | Found a huge runed translucent gate.
 50207 | Elf:2    | Found a huge runed translucent gate.
 50207 | Elf:2    | Found a huge runed translucent gate.
 50648 | Elf:2    | Found the +0 Maxwell's etheric cage {RegenMP+ *Contam rElec
                  | MP+4}
 50653 | Elf:2    | Reached skill level 11 in Fighting
 50835 | Elf:2    | Noticed a deep elf blademaster
 50980 | Elf:2    | Got an ancient short sword
 50982 | Elf:2    | Identified the +8 short sword "Famahahe" {antimagic, Str+3}
                  | (You found it on level 2 of the Elven Halls)
 51112 | Elf:3    | Entered Level 3 of the Elven Halls
 51233 | Elf:3    | Noticed an Ice Fiend
 51234 | Elf:3    | Noticed a Hell Sentinel
 51840 | Elf:3    | Identified the cursed +0 great sword of Sulphur {flame,
                  | rC++ Int+7}
 51886 | Elf:3    | Identified the +5 war axe of a bailey {chop, rF+ MP+9 Str+3
                  | Stlth+}
 51891 | Elf:3    | Noticed a Tzitzimitl
 52273 | Elf:3    | Identified the amulet "Qemequakk" {Gourm Str+2 SInv}
 52593 | Elf:3    | Noticed a deep elf blademaster
 52949 | Elf:3    | Killed a deep elf blademaster
 53100 | Elf:3    | Noticed a deep elf blademaster
 53104 | Elf:3    | Killed a deep elf blademaster
 53255 | Elf:3    | Identified the +10 scale mail "Pasarod" {Int+2 Dex+3}
 53255 | Elf:3    | Identified the ring "Umaamena" {rN+ MR++ Int+6}
 53258 | Elf:3    | Reached XP level 18. HP: 122/151 MP: 42/42
 53392 | Elf:3    | Identified the +1 scale mail of Sin {rPois} (You found it
                  | on level 3 of the Elven Halls)
 53410 | Elf:3    | Identified the +1 leather armour of Waok Dest {Regen+ Str+2
                  | Int+4} (You found it on level 3 of the Elven Halls)
 54093 | Orc:2    | Bought a book of the Tempests for 980 gold pieces
 54245 | Vaults:1 | Entered Level 1 of the Vaults
 54526 | Vaults:1 | Reached skill level 15 in Fire Magic
 56304 | Vaults:2 | Noticed Asterion
 56309 | Vaults:2 | Killed Asterion
 56532 | Vaults:2 | Noticed Saint Roka
 56552 | Vaults:2 | Killed Saint Roka
 57105 | Vaults:2 | Reached XP level 19. HP: 117/158 MP: 19/43
 57441 | Vaults:2 | Identified the cursed +3 spear "Omeann" {speed, Str+5}
 57710 | Vaults:2 | Reached skill level 12 in Fighting
 57769 | Vaults:2 | You fall through a shaft for 2 floors!
 59355 | Vaults:2 | Learned a level 8 spell: Ignition
 59459 | Vaults:3 | Found a staircase to the Crypt.
 59459 | Vaults:3 | Found a basalt altar of Yredelemnul.
 59460 | Vaults:3 | Found an ancient bone altar of Kikubaaqudgha.
 59630 | Vaults:3 | Reached skill level 13 in Fighting
 60056 | Vaults:3 | Found Bomeha's Armour Shop.
 61061 | Vaults:4 | Reached skill level 5 in Shields
 61137 | Vaults:4 | Reached XP level 20. HP: 171/171 MP: 25/44
 61591 | Vaults:4 | Identified the +9 falchion of Valiance {venom, Int+2 Dex+3}
 61985 | Vaults:4 | Found Mebre's Jewellery Boutique.
 62779 | Slime:1  | Entered Level 1 of the Pits of Slime
 63924 | Slime:3  | Reached skill level 10 in Shields
 64065 | Slime:4  | Noticed Dissolution
 64179 | Slime:3  | Killed Dissolution
 64528 | Slime:5  | Entered Level 5 of the Pits of Slime
 64823 | Slime:5  | Noticed the Royal Jelly
 64920 | Slime:5  | Killed the Royal Jelly
 64920 | Slime:5  | Reached XP level 21. HP: 178/178 MP: 34/46
 65058 | Slime:5  | Got a slimy rune of Zot
 65080 | Slime:5  | Identified the +8 scimitar of Uramairr {protect, rPois rC+
                  | SInv} (You found it on level 5 of the Pits of Slime)
 65094 | Slime:5  | Identified Oshrulira's Almanac of Transformation and the
                  | Escort
 67710 | Spider:4 | Entered Level 4 of the Spider Nest
 68682 | Spider:4 | Identified Roxanne's Almanac of Clay
 68682 | Spider:4 | Noticed Roxanne
 68718 | Spider:4 | Killed Roxanne
 69201 | Spider:4 | Got a gossamer rune of Zot
 69489 | Depths:1 | Entered Level 1 of the Depths
 69502 | Depths:1 | Identified the +6 faerie dragon scales {rC- Regen+ rCorr
                  | Dex+2 SInv}
 69502 | Depths:1 | Noticed the Enchantress
 69551 | Depths:1 | Killed the Enchantress
 69587 | Depths:1 | Found a gateway to Hell.
 69802 | Depths:1 | Found a one-way gate to the infinite horrors of the Abyss.
 69818 | Depths:1 | Found a one-way gate leading to the halls of Pandemonium.
 69844 | Depths:1 | Reached skill level 14 in Fighting
 70204 | Depths:1 | Got a scorched scythe
 70205 | Depths:1 | Identified the +6 scythe of Danykod {protect, *Contam rC++}
                  | (You found it on level 1 of the Depths)
 70540 | Depths:2 | Reached skill level 15 in Shields
 70973 | Depths:2 | Reached XP level 22. HP: 190/190 MP: 24/47
 71140 | Depths:2 | Reached skill level 15 in Fighting
 73012 | Depths:3 | Noticed Jory
 73042 | Depths:3 | Killed Jory
 73164 | Depths:3 | Found a gateway to a ziggurat.
 73248 | Depths:3 | Got a scorched shortbow
 73263 | Depths:3 | Identified the +8 shortbow "Spiderslayer" {velocity, rN+++
                  | Str-3 Int+5} (You found it on level 3 of the Depths)
 74650 | Depths:4 | Noticed Boris
 74657 | Depths:4 | Killed Boris
 74890 | Depths:4 | Noticed a juggernaut
 74904 | Depths:4 | Killed a juggernaut
 74904 | Depths:4 | Reached skill level 16 in Fighting
 74924 | Depths:4 | Reached XP level 23. HP: 80/202 MP: 0/48
 75356 | Depths:4 | Noticed a juggernaut
 75360 | Depths:4 | Killed a juggernaut
 75985 | Depths:4 | Found a runed translucent gate.
 75986 | Depths:4 | Found a runed translucent gate.
 75986 | Depths:4 | Noticed Qearphot's ghost (adept DDFi)
 75987 | Depths:4 | Noticed Cacw's ghost (adept MiBe)
 75987 | Depths:4 | Found a runed translucent gate.
 76163 | Depths:4 | Identified the +7 dagger of the Owl {pierce, Str+2 Int+2}
                  | (You found it on level 4 of the Depths)
 76261 | Depths:4 | Reached skill level 17 in Fighting
 76296 | Depths:5 | Entered Level 5 of the Depths
 76999 | Depths:5 | Found Yti Nuo's Magic Scroll Emporium.
 77003 | Depths:5 | Found Wylinot's Distillery.
 77007 | Depths:5 | Bought a scroll of teleportation for 36 gold pieces
 77007 | Depths:5 | Bought a scroll of teleportation for 36 gold pieces
 77007 | Depths:5 | Bought a scroll of teleportation for 36 gold pieces
 77007 | Depths:5 | Bought 3 scrolls of teleportation for 108 gold pieces
 77007 | Depths:5 | Bought a scroll of blinking for 90 gold pieces
 77171 | D:13     | You showed the slimy rune of Zot to enter a treasure trove
 77172 | Trove    | Entered a treasure trove
 77180 | Trove    | Got a brightly glowing diamond amulet
 77205 | Trove    | Got a brightly glowing zirconium amulet
 77207 | Trove    | Got a shimmering robe
 77209 | Trove    | Got a heavily runed iron amulet
 77211 | Trove    | Identified the amulet of Obaroh {*Slow rPois rC++ Regen+
                  | Dex+4} (You found it in a treasure trove)
 77212 | Trove    | Identified the amulet "Esama" {rC+ rN++ Regen+} (You found
                  | it in a treasure trove)
 77213 | Trove    | Identified the amulet of Xemox {Acrobat Int+4} (You found
                  | it in a treasure trove)
 77214 | Trove    | Identified the +2 robe "Hyruorpha" {Dex+4} (You found it in
                  | a treasure trove)
 77371 | Depths:5 | Noticed Boris
 77621 | Depths:5 | Killed Boris
 77621 | Depths:5 | Reached skill level 18 in Fighting
 77682 | Depths:5 | Reached skill level 1 in Armour
 78357 | Depths:5 | Reached skill level 5 in Armour
 78746 | Depths:5 | Identified the +4 quarterstaff "Xeil" {flame, rF+}
 79206 | Depths:5 | Identified the +5 spear of Oddatune {holy, +Rage rElec
                  | Int+4 Dex+3}
 79445 | Depths:5 | Found a gate to the Realm of Zot.
 80565 | Zot:1    | Entered Level 1 of the Realm of Zot
 80591 | Zot:1    | Noticed a Killer Klown
 80592 | Zot:1    | Noticed a Killer Klown
 80696 | Zot:1    | Killed a Killer Klown
 80829 | Zot:1    | Reached skill level 10 in Armour
 80919 | Depths:5 | Killed a Killer Klown
 80919 | Depths:5 | Reached XP level 24. HP: 198/216 MP: 48/48
 82153 | Zot:2    | Learned a level 2 spell: Passwall
 82159 | Zot:2    | Learned a level 5 spell: Irradiate
 82161 | Zot:2    | Learned a level 1 spell: Apportation
 82168 | Zot:4    | Noticed an orb of fire
 82169 | Zot:4    | Gained mutation: Armour fits poorly on your strangely
                  | shaped body. [an orb of fire]
 82175 | Zot:4    | Gained mutation: You are clumsy. (Dex -2) [an orb of fire]
 82176 | Zot:4    | Killed an orb of fire
 82512 | Zot:4    | Reached skill level 15 in Conjurations
 82512 | Zot:4    | Reached skill level 15 in Earth Magic
 82699 | Zot:4    | Identified the +6 flail "Bayr" {crush, +Rage} (You found it
                  | on level 4 of the Realm of Zot)
 82945 | Zot:4    | Gained mutation: You are weak. (Str -2) [mutagenic glow]
 83213 | Zot:5    | Entered Level 5 of the Realm of Zot
 83851 | Zot:5    | Learned a level 2 spell: Blink
 84176 | Zot:5    | Noticed an ancient lich
 84188 | Zot:5    | Killed an ancient lich
 84219 | Zot:5    | Reached skill level 19 in Fighting
 84380 | Zot:5    | Reached XP level 25. HP: 227/227 MP: 40/48
 84420 | Zot:5    | Noticed an orb of fire
 84440 | Zot:5    | Noticed an ancient lich
 84441 | Zot:5    | Killed an orb of fire
 84544 | Zot:5    | Killed an ancient lich
 84544 | Zot:5    | Reached skill level 10 in Evocations
 84631 | Zot:5    | Noticed an orb of fire
 84639 | Zot:5    | Killed an orb of fire
 84753 | Zot:5    | Noticed an orb of fire
 84763 | Zot:5    | Killed an orb of fire
 84763 | Zot:5    | Reached skill level 20 in Fighting
 84767 | Zot:5    | Noticed an ancient lich
 84771 | Zot:5    | Killed an ancient lich
 84843 | Zot:5    | Noticed an orb of fire
 85312 | Zot:5    | Lost mutation: You are weak. (Str -2) [potion of mutation]
 85312 | Zot:5    | Gained mutation: You are partially covered in thin metallic
                  | scales. (AC +2) [potion of mutation]
 85312 | Zot:5    | Gained mutation: You are dopey. (Int -2) [potion of
                  | mutation]
 85312 | Zot:5    | Gained mutation: Scrolls take you a little longer to read.
                  | [potion of mutation]
 85312 | Zot:5    | Lost mutation: You are dopey. (Int -2) [potion of mutation]
 85313 | Zot:5    | Lost mutation: Armour fits poorly on your strangely shaped
                  | body. [potion of mutation]
 85313 | Zot:5    | Lost mutation: Scrolls take you a little longer to read.
                  | [potion of mutation]
 85313 | Zot:5    | Lost mutation: You are clumsy. (Dex -2) [potion of
                  | mutation]
 85313 | Zot:5    | Lost mutation: You are partially covered in thin metallic
                  | scales. (AC +2) [potion of mutation]
 85313 | Zot:5    | Gained mutation: You evolve. [potion of mutation]
 85313 | Zot:5    | Gained mutation: You passively map a small area around you.
                  | [potion of mutation]
 85410 | Zot:5    | Reached skill level 1 in Translocations
 85412 | Zot:5    | Gained mutation: You occasionally shout uncontrollably at
                  | your foes. [an orb of fire]
 85413 | Zot:5    | Gained mutation: Scrolls take you a little longer to read.
                  | [an orb of fire]
 85421 | Zot:5    | Killed an orb of fire
 86208 | Zot:5    | Reached skill level 21 in Fighting
 86443 | Zot:5    | Got the Orb of Zot
 86561 | Depths:5 | Noticed Woungur the pandemonium lord
 86989 | D:1      | gg
 86990 | D:$      | Escaped with the Orb!

Skill      XL: |  1  2  3  4  5  6  7  8  9 10 11 12 13 14 15 16 17 18 19 20 21 22 23 24 25 |
---------------+----------------------------------------------------------------------------+-----
Conjurations   | 1 2 3 4 5 6 8 9 10 11 12 13 14 15 | 15.0
Spellcasting   | 2 3 4 5 6 7 8 9 11 12 14 15 | 15.0
Fire Magic     | 3 4 5 7 8 10 11 14 17 19 | 19.0
Dodging        | 5 8 11 13 | 13.0
Fighting       | 6 8 9 11 13 14 16 18 19 21 | 21.2
Shields        | 4 5 13 15 | 15.0
Evocations     | 1 5 9 10 | 10.0
Earth Magic    | 5 9 11 14 15 | 15.0
Armour         | 10 11 13 | 13.0
Translocations | 2 |  2.3
Stealth        | |  1.7

Action                   |  1- 3 |  4- 6 |  7- 9 | 10-12 | 13-15 | 16-18 | 19-21 | 22-24 | 25-27 || total
-------------------------+-------+-------+-------+-------+-------+-------+-------+-------+-------++-------
Melee: Unarmed           |     5 |     8 |    14 |     6 |       |       |       |       |       ||    33
       Scimitar          |       |       |       |    76 |     9 |    42 |       |       |       ||   127
       Staff             |       |       |       |     6 |    14 |     8 |     9 |    12 |       ||    49
Throw: Throwing net      |       |       |       |       |       |     2 |     2 |     2 |     1 ||     7
 Cast: Flame Tongue      |    57 |   186 |   209 |   483 |   488 |     9 |     1 |       |       ||  1433
       Conjure Flame     |       |     2 |     4 |    17 |    13 |       |       |       |       ||    36
       Sticky Flame      |       |       |    16 |    82 |   159 |    33 |     3 |       |       ||   293
       Fireball          |       |       |     7 |    55 |   408 |   343 |   202 |   101 |     1 ||  1117
       Bolt of Magma     |       |       |       |       |    35 |   411 |   455 |   167 |     3 ||  1071
       Iron Shot         |       |       |       |       |       |     2 |    24 |   351 |   123 ||   500
       Ignition          |       |       |       |       |       |       |    95 |   120 |    17 ||   232
 Abil: Evoke Invisibilit |       |       |       |       |       |       |       |     1 |       ||     1
Evoke: Wand              |       |       |     5 |     2 |     9 |     4 |     1 |    11 |     1 ||    33
  Use: Scroll            |       |     7 |     5 |     9 |    23 |    11 |    10 |    26 |       ||    91
       Potion            |       |       |     1 |     1 |     3 |     5 |     4 |     7 |    12 ||    33
 Stab: Sleeping          |       |       |       |     1 |       |       |       |       |       ||     1
       Paralysed         |       |       |       |       |     5 |     6 |       |       |       ||    11
  Eat: Chunk             |     1 |    10 |    10 |    18 |    52 |    51 |    55 |    45 |       ||   242
       Ration            |       |     1 |     2 |     8 |    17 |     3 |     4 |     8 |     3 ||    46
Armor: Robe              |     5 |    25 |    87 |   164 |   105 |    35 |    41 |    69 |     8 ||   539
       Swamp dragon scal |       |       |       |       |     6 |    81 |       |       |       ||    87
       Acid dragon scale |       |       |       |       |       |       |    13 |       |       ||    13
       Fire dragon scale |       |       |       |       |       |       |       |     2 |    14 ||    16
Dodge: Dodged            |    12 |    63 |   129 |   298 |   413 |   327 |   155 |   177 |    31 ||  1605
Block: Buckler           |       |       |       |   100 |   205 |   156 |    39 |       |       ||   500
       Shield            |       |       |       |       |       |       |    60 |   176 |    20 ||   256
       Rpst.: Scimitar   |       |       |       |    57 |     1 |    11 |       |       |       ||    69
